cohdb
Replays
Latest Replays
All Replays
Popular Replays
Top Player Replays
Match Explorer
How It Works
Community
CoH3 Stats
Reddit
Sign in to upload your games and track your stats! →
Sign in with Steam
Match 38398231
Unlisted
Match 38398231
Overview
Messages
Build Orders
End
Kradschützen Motorcycle Team
250 Light Carrier
Selects Armored Support Battlegroup
Panzergrenadier Squad
Panzergrenadier Squad
Construct Light Support Kompanie
Panzerjäger Squad
Construct Mechanized Kompanie
Selects Superior Fire Drills
Support Armor Elements
Assault Mechanized Group
StuG III D Assault Gun
Selects Salvage Kits
StuG III D Assault Gun
2.5-tonne Medical Truck
Panzerjäger Squad
Pak 38 Mechanized Group
deadsadbadmad
Alessandro-9891
BassAngler5000
Volundur
0
0
Comments
sign in to comment!
No comments posted yet!